 Dungeon Crawl Stone Soup version 0.21.0 (webtiles) character file.

150976 tsouns the Fighter (level 17, 0/166 HPs)
             Began as a Deep Elf Berserker on Jan 5, 2018.
             Was a High Priest of Trog.
             Slain by a very large slime creature (46 damage)
             ... while paralysed by a hornet
             ... on level 2 of the Swamp on Jan 6, 2018.
             The game lasted 01:58:50 (31182 turns).

tsouns the Fighter (Deep Elf Berserker)            Turns: 31182, Time: 01:58:52

Health: 0/166      AC: 19    Str: 29    XL:     17   Next: 0%
Magic:  26/26      EV:  2    Int: 19    God:    Trog [*****.]
Gold:   1683       SH:  0    Dex: 12    Spells: 16/16 levels left

rFire    + + .     SeeInvis .   a - +6 falchion (vamp)
rCold    . . .     Gourm    +   T - +0 buckler
rNeg     + . .     Faith    .   E - +2 scale mail {rN+}
rPois    +         Spirit   .   p - +2 hat
rElec    +         Reflect  .   g - +2 cloak
rCorr    .         Harm     .   d - +2 pair of gloves
MR       +....                  (no boots)
Stlth    ..........             B - amulet of the gourmand
HPRegen  0.37/turn              J - ring "Roatuq" {rElec rF++ Int+4 Dex-2 Stlth-}
MPRegen  0.20/turn              F - ring of Salvation {rPois Str+5}

@: paralysed, berserking (expiring)
A: no striking features
a: Berserk, Trog's Hand, Brothers in Arms, Burn Spellbooks, Renounce Religion


You were on level 2 of the Swamp.
You worshipped Trog.
Trog was extremely pleased with you.
You were full.

You visited 4 branches of the dungeon, and saw 25 of its levels.
You also visited: Ice Cave.

You collected 2599 gold pieces.
You spent 916 gold pieces at shops.

Inventory:

Hand Weapons
 a - a +6 vampiric falchion (weapon)
 I - a +1 scimitar of flaming
Missiles
 L - 3 throwing nets (quivered)
 U - 7 silver javelins
Armour
 d - a +2 pair of gloves (worn)
 g - a +2 cloak (worn)
 p - a +2 hat (worn)
 E - a +2 scale mail of positive energy (worn)
 T - a +0 buckler (worn)
Jewellery
 b - an uncursed ring of resist corrosion
 m - an uncursed ring of see invisible
 B - an amulet of the gourmand (around neck)
 F - the ring of Salvation (right hand) {rPois Str+5}
   (You took it off an efreet on level 10 of the Dungeon)

   [ring of strength]

   It affects your strength (+5).
   It protects you from poison.
 J - the ring "Roatuq" (left hand) {rElec rF++ Int+4 Dex-2 Stlth-}
   (You found it on level 14 of the Dungeon)

   [ring of loudness]

   It affects your intelligence (+4).
   It affects your dexterity (-2).
   It greatly protects you from fire.
   It insulates you from electricity.
   It makes you less stealthy.
 O - an uncursed ring of protection from cold
Wands
 u - a wand of enslavement (18)
 y - a wand of polymorph (12)
 A - a wand of paralysis (14)
 D - a wand of disintegration (14)
 N - a wand of digging (8)
Scrolls
 f - 2 scrolls of fear
 n - 22 scrolls of remove curse
 o - 8 scrolls of teleportation
 q - 3 scrolls of magic mapping
 K - 3 scrolls of blinking
 M - 4 scrolls of fog
 P - 2 scrolls of identify
 Q - a scroll of summoning
 Z - a scroll of immolation
Potions
 h - 7 potions of haste
 i - 5 potions of mutation
 l - a potion of ambrosia
 s - 2 potions of agility
 t - 2 potions of flight
 v - a potion of magic
 w - 5 potions of lignification
 x - 2 potions of brilliance
 z - 2 potions of heal wounds
 C - 6 potions of curing
 R - 2 potions of might
 V - a potion of berserk rage
 X - a potion of invisibility
Books
 S - a book of Minor Magic

   Spells                             Type                      Level
   a - Magic Dart                     Conjuration                  1
   b - Blink                          Translocation                2
   c - Call Imp                       Summoning                    2
   d - Slow                           Hexes                        2
   e - Conjure Flame                  Conjuration/Fire             3
   f - Mephitic Cloud                 Conjuration/Poison/Air       3
   Trog disapproves of the use of such an item.
Miscellaneous
 G - a phial of floods
 H - 2 sacks of spiders
 W - a box of beasts
Comestibles
 c - 40 rations


   Skills:
 + Level 14.2 Fighting
 - Level 14.0 Long Blades
 + Level 9.7 Armour
 + Level 11.9 Dodging
 - Level 6.3 Stealth
 - Level 5.5 Shields
 - Level 10.0 Evocations


You had 16 spell levels left.
You didn't know any spells.

Dungeon Overview and Level Annotations

Branches:
Dungeon (15/15)            Temple (0/1) D:6            Lair (6/6) D:10
  Swamp (2/4) Lair:4       Spider (0/4) Lair:4        Slime (0/5) Lair:5
    Orc (2/2) D:12            Elf (0/3) Orc:2        Vaults (0/5) D:14
 Depths (0/5) D:15

Altars:
Dithmenos
Elyvilon
Fedhas
Hepliaklqana
Qazlal
Vehumet
Wu Jian
Xom
Yredelemnul
The Shining One
Beogh
Jiyva

Shops:
D:5 [   D:6 !%*![   D:8 *   Orc:2 *=%[*

Portals:
Trove: D:15 (give +8 demon trident)

Annotations:
D:12 exclusion: 2 oklob plants
Lair:5 exclusion: 4 oklob plants


Message History

The tyrant leech bites you but does no damage.
The very large slime creature hits you!!!
* * * LOW HITPOINT WARNING * * *
You hear a chilling moan. x2
You are too injured to fight recklessly!
You are too injured to fight recklessly!
You are too injured to fight recklessly!
You slice the tyrant leech!!
You feel better.
The tyrant leech is almost dead.
The hornet closely misses you.
You riposte.
You barely miss the hornet.
Unknown command.
You slash the tyrant leech!
You feel better.
You kill the tyrant leech!
Trog accepts your kill.
You have reached level 17!
The hornet stings you!
* * * LOW HITPOINT WARNING * * *
You suddenly lose the ability to move!
The very large slime creature hits you!!!
You die...

.J≈≈.≈≈♣...≈≈≈....≈..
≈≈≈≈.≈≈.≈≈≈≈≈...♣♣♣♣.
≈≈J≈.♣♣♣≈≈.≈≈.≈≈.♣ ♣♣
.w≈≈.♣♣...♣..?.♣♣ ♣
♣..≈≈♣♣♣♣.≈.♣♣ ♣..≈♣♣
♣.≈..♣ ♣.≈≈♣ ♣§...♣
♣♣Jy.♣ ♣§≈≈.♣ ♣@y..♣
♣♣≈≈.♣ ♣♣y.♣♣ ♣.≈.♣
.♣.♣ ♣...♣♣ ♣.♣.♣
♣.≈..♣ ♣>♣.♣ ♣)≈≈.♣
♣.... ♣♣.≈≈≈ .. ≈.
♣..≈.. ≈.≈≈≈..
......♣≈


You could see a very large slime creature and 3 hornets.

Vanquished Creatures
  Rupert (D:15)
  Gastronok (Lair:1)
  Kirke (D:13)
  A dire elephant (D:15)
  A fire dragon (Lair:6)
  Harold (D:12)
  10 hydras
  The ghost of CLM the Demonic Catastrophe, a journeyman DsFi of Qazlal (D:11)
  A catoblepas (D:13)
  7 centaur warriors
  A death knight (D:12)
  9 two-headed ogres
  2 dancing weapons (D:14)
  The ghost of p0werm0de the Zephyrmancer, a novice BaAE of Uskayaw (D:9)
  Urug (Orc:1)
  A deep troll earth mage (D:12)
  An orc high priest (Orc:2)
  A fire crab (shapeshifter) (D:12)
  An unseen horror (D:15)
  2 shambling mangroves
  Pikel (D:8)
  A lindwurm (Lair:6)
  A phantasmal warrior (D:12)
  A swamp dragon (Swamp:1)
  3 orc knights (Orc:2)
  10 ugly things
  3 orc sorcerers (Orc:2)
  A wolf spider (D:15)
  2 manticores
  4 deep elf magi
  A cyclops (D:12)
  Maurice (D:8)
  6 black mambas
  A centaur zombie (D:14)
  9 elephants
  A gargoyle (D:12)
  8 centaur skeletons
  12 spiny frogs
  Psyche (D:12)
  2 molten gargoyles (Lair:6)
  2 rime drakes (Lair:6)
  An efreet (D:10)
  A freezing wraith (D:12)
  15 komodo dragons
  6 trolls
  16 polar bears
  A merfolk (D:15)
  4 jumping spiders (Lair:4)
  Grinder (D:6)
  5 hornets
  2 blink frogs (Lair:6)
  Prince Ribbit (D:8)
  4 tyrant leeches
  12 hippogriffs
  21 slime creatures
  A centaur simulacrum (D:15)
  4 spriggans (Swamp:1)
  Sigmund (D:3)
  2 redbacks (Lair:4)
  A vampire (D:12)
  6 wyverns (Lair:6)
  37 yaks
  5 wraiths
  3 hogs (D:13)
  8 basilisks
  A hungry ghost (D:14)
  12 vampire mosquitoes
  3 soldier ants
  A steam dragon (Lair:6)
  3 swamp worms (Swamp:1)
  6 hell hounds (Lair:6)
  10 water moccasins
  9 porcupines
  12 orc warriors
  8 phantoms
  2 swamp drakes (Swamp:1)
  4 ice beasts
  2 black bears
  2 sky beasts
  An eye of draining (D:15)
  2 necrophages
  10 ogres
  19 centaurs
  21 wolves
  14 crocodiles
  A big kobold (D:9)
  Blork the orc (D:4)
  22 bullfrogs
  A gnoll sergeant (D:6)
  2 scorpions
  12 killer bees
  3 wights (D:12)
  3 howler monkeys
  3 electric eels
  7 lava snakes
  14 crimson imps
  4 bullfrog zombies
  20 orc priests
  4 hounds
  2 bullfrog skeletons
  10 jellies
  Terence (D:2)
  Jessica (D:3)
  6 iguanas
  17 orc wizards
  7 hell rats (Lair:6)
  12 worker ants
  A killer bee zombie (D:8)
  3 hound zombies
  3 hound skeletons
  10 gnolls
  A howler monkey skeleton (D:10)
  15 adders
  5 shadow imps
  12 white imps (Lair:1)
  2 oozes
  An adder zombie (D:8)
  3 adder skeletons
  3 worms
  2 dart slugs
  5 leopard geckos
  68 orcs
  2 ball pythons
  6 giant cockroaches
  8 hobgoblins
  9 jackals
  13 kobolds
  8 quokkas
  7 bats
  11 frilled lizards
  11 goblins
  A jackal skeleton (D:5)
  A leopard gecko skeleton (D:4)
  A quokka zombie (D:5)
  5 rats
786 creatures vanquished.

Vanquished Creatures (collateral kills)
  A frost giant (IceCv)
  2 hydras
  A centaur warrior (D:10)
  A two-headed ogre (D:10)
  2 orc high priests (Orc:2)
  An orc knight (Orc:2)
  2 orc sorcerers (Orc:2)
  A cyclops (D:12)
  An ice statue (IceCv)
  An elephant (Lair:6)
  A gargoyle (D:10)
  3 rime drakes
  2 polar bears (IceCv)
  9 slime creatures
  A hippogriff (Lair:6)
  A blink frog (Lair:6)
  2 yaks (IceCv)
  Grum (D:8)
  3 orc warriors (Orc:2)
  4 wolves
  2 crocodiles
  A wight (D:10)
  A crimson imp (D:8)
  A hound (D:10)
  2 orc priests (Orc:2)
  A gnoll shaman (D:8)
  An orc wizard (Orc:2)
  A worker ant zombie (D:10)
  6 gnolls
  A shadow imp (D:10)
57 creatures vanquished.

Vanquished Creatures (others)
  An unseen horror (D:10)
  A polar bear (IceCv)
  A komodo dragon (Lair:6)
  A yak (IceCv)
  A steam dragon (Lair:6)
  A jelly (D:8)
  7 fungi
  25 plants
38 creatures vanquished.

Grand Total: 881 creatures vanquished

Notes
Turn   | Place    | Note
-------+----------+-------------------------------------------
     0 | D:1      | tsouns the Deep Elf Berserker began the quest for the Orb.
     0 | D:1      | Reached XP level 1. HP: 13/13 MP: 3/3
   379 | D:1      | Reached XP level 2. HP: 9/18 MP: 4/4
   757 | D:1      | Reached XP level 3. HP: 13/22 MP: 5/5
   759 | D:1      | Reached ** piety under Trog
  1465 | D:2      | Reached XP level 4. HP: 17/28 MP: 6/6
  1477 | D:2      | Found a basalt altar of Yredelemnul.
  1579 | D:2      | Found a stormy altar of Qazlal.
  1584 | D:2      | Noticed Terence
  1600 | D:2      | Killed Terence
  1689 | D:2      | Reached XP level 5. HP: 29/32 MP: 7/7
  2357 | D:3      | Reached *** piety under Trog
  2389 | D:3      | Reached skill level 5 in Long Blades
  2473 | D:3      | Noticed Sigmund
  2487 | D:3      | Killed Sigmund
  2487 | D:3      | Reached XP level 6. HP: 38/38 MP: 8/8
  2572 | D:3      | Noticed Jessica
  2582 | D:3      | Killed Jessica
  2899 | D:4      | Reached XP level 7. HP: 32/43 MP: 9/9
  3023 | D:4      | You fall through a shaft for 2 floors!
  3078 | D:6      | Found Siwav's Antique Armour Emporium.
  3134 | D:5      | Entered Level 5 of the Dungeon
  3467 | D:4      | Noticed Blork the orc
  3485 | D:4      | Killed Blork the orc
  3616 | D:4      | Found an ornate altar of the Wu Jian Council.
  3616 | D:4      | Found a hazy altar of Hepliaklqana.
  3797 | D:5      | Reached skill level 5 in Fighting
  3797 | D:5      | Reached XP level 8. HP: 32/49 MP: 10/10
  4403 | D:5      | Found Niurgh's Antique Armour Shop.
  4795 | D:5      | Found a white marble altar of Elyvilon.
  4950 | D:5      | Found a blossoming altar of Fedhas.
  5121 | D:6      | Found Ronisk's Food Emporium.
  5153 | D:6      | Found Qyezuyt's Distillery.
  5153 | D:6      | Noticed Grinder
  5167 | D:6      | Killed Grinder
  5185 | D:6      | Bought a potion of berserk rage for 70 gold pieces
  5483 | D:6      | Found a staircase to the Ecumenical Temple.
  5528 | D:6      | Found Guhuyrr's Distillery.
  5534 | D:6      | Found Fos Icke's General Store.
  5538 | D:6      | Bought a potion of curing for 39 gold pieces
  5624 | D:6      | Reached XP level 9. HP: 50/55 MP: 11/11
  6658 | D:7      | Reached **** piety under Trog
  7740 | D:8      | Found a radiant altar of Vehumet.
  7760 | D:8      | Noticed Prince Ribbit
  7771 | D:8      | Killed Prince Ribbit
  7839 | D:8      | Reached skill level 5 in Armour
  7849 | D:8      | Noticed Grum
  7852 | D:8      | Reached skill level 10 in Long Blades
  7870 | D:8      | Reached XP level 10. HP: 25/61 MP: 12/12
  7888 | D:8      | Killed Grum
  8039 | D:8      | Noticed Pikel
  8063 | D:8      | Killed Pikel
  8074 | D:8      | Noticed Maurice
  8078 | D:8      | Noticed a purple ugly thing
  8084 | D:8      | Killed Maurice
  8103 | D:8      | Killed a purple ugly thing
  8386 | D:8      | Paralysed by a hornet for 1 turns
  8387 | D:8      | Reached skill level 5 in Dodging
  8681 | D:8      | Found Raexzowe's General Store.
  8688 | D:8      | Bought a potion of heal wounds for 80 gold pieces
  9020 | D:9      | Noticed a two-headed ogre
  9053 | D:9      | Killed a two-headed ogre
  9398 | D:9      | Noticed a two-headed ogre
  9413 | D:9      | Killed a two-headed ogre
  9541 | D:9      | Noticed p0werm0de's ghost (novice BaAE)
  9561 | D:9      | Killed p0werm0de's ghost
  9561 | D:9      | Reached XP level 11. HP: 56/68 MP: 13/13
  9590 | D:9      | Found a shimmering altar of Xom.
  9591 | D:9      | Found a shimmering altar of Xom.
  9591 | D:9      | Found a shimmering altar of Xom.
  9591 | D:9      | Found a shimmering altar of Xom.
  9591 | D:9      | Found a shimmering altar of Xom.
  9591 | D:9      | Found a shimmering altar of Xom.
  9592 | D:9      | Found a shimmering altar of Xom.
  9862 | D:10     | Entered Level 10 of the Dungeon
 10019 | D:10     | Noticed a white ugly thing
 10026 | D:10     | Reached skill level 1 in Evocations
 10038 | D:10     | Killed a white ugly thing
 10065 | D:10     | Noticed a two-headed ogre
 10065 | D:10     | Killed a two-headed ogre
 10068 | D:10     | Noticed a four-headed hydra
 10069 | D:10     | Killed a four-headed hydra
 10074 | D:10     | Noticed a centaur warrior
 10074 | D:10     | Killed a centaur warrior
 10349 | D:10     | Got a scintillating wooden ring
 10389 | D:10     | Identified the ring of Salvation {rPois Str+5} (You took it off an efreet on level 10 of the Dungeon)
 10648 | D:10     | Found a staircase to the Lair.
 10892 | D:10     | Noticed an unseen horror
 10893 | D:10     | Noticed a centaur warrior
 10908 | D:10     | Killed an unseen horror
 10920 | D:10     | Killed a centaur warrior
 11103 | D:10     | Noticed a two-headed ogre
 11119 | D:10     | Killed a two-headed ogre
 11119 | D:10     | Reached skill level 5 in Evocations
 11325 | D:10     | Reached ***** piety under Trog
 11653 | D:11     | Found a glowing golden altar of the Shining One.
 11746 | D:11     | Noticed CLM's ghost (journeyman DsFi)
 11786 | D:11     | Killed CLM's ghost
 11920 | D:11     | Reached XP level 12. HP: 69/76 MP: 18/18
 11941 | D:11     | Noticed a five-headed hydra
 11956 | D:11     | Killed a five-headed hydra
 12577 | Lair:1   | Entered Level 1 of the Lair of Beasts
 12791 | Lair:1   | Noticed a four-headed hydra
 12805 | Lair:1   | Killed a four-headed hydra
 12913 | Lair:1   | Received a gift from Trog
 13100 | Lair:1   | Found a frozen archway.
 13125 | IceCv    | Entered an ice cave
 13788 | IceCv    | Reached skill level 10 in Fighting
 14462 | IceCv    | Noticed a frost giant
 14488 | IceCv    | Killed a frost giant
 14488 | IceCv    | Reached XP level 13. HP: 29/82 MP: 21/21
 14770 | Lair:1   | Noticed Gastronok
 14791 | Lair:1   | Killed Gastronok
 17274 | Lair:4   | Got a pitted leather armour
 17495 | Lair:4   | Identified the cursed +0 leather armour "Sathroig" {Int+2 SInv} (You found it on level 4 of the Lair of Beasts)
 17645 | Lair:4   | Found a hole to the Spider Nest.
 17692 | Lair:4   | Found a staircase to the Swamp.
 17977 | Lair:4   | You fall through a shaft!
 17977 | Lair:5   | Found a viscous altar of Jiyva.
 17977 | Lair:5   | Found a staircase to the Slime Pits.
 18757 | Lair:6   | Entered Level 6 of the Lair of Beasts
 18858 | Lair:6   | Received a gift from Trog
 19472 | Lair:6   | Received a gift from Trog
 19579 | Lair:6   | Reached XP level 14. HP: 74/90 MP: 22/22
 19765 | Lair:6   | Reached skill level 10 in Dodging
 21275 | Lair:6   | Found a large runed door.
 21286 | Lair:6   | Found a large runed door.
 22329 | D:12     | Noticed Harold
 22349 | D:12     | Killed Harold
 22487 | D:12     | Noticed Psyche
 22503 | D:12     | Killed Psyche
 22529 | D:12     | Found a blossoming altar of Fedhas.
 22839 | D:12     | Found a staircase to the Orcish Mines.
 23373 | D:12     | Received a gift from Trog
 24367 | D:13     | Reached XP level 15. HP: 92/97 MP: 24/24
 24455 | D:13     | Reached skill level 10 in Evocations
 24812 | D:13     | Noticed Kirke
 25786 | D:14     | Reached skill level 1 in Shields
 25918 | D:14     | Found a gate to the Vaults.
 25945 | D:14     | Got a fine lead ring
 25946 | D:14     | Identified the ring "Roatuq" {rElec rF++ Int+4 Dex-2 Stlth-} (You found it on level 14 of the Dungeon)
 26121 | D:14     | Received a gift from Trog
 26241 | D:15     | Entered Level 15 of the Dungeon
 26315 | D:15     | Reached skill level 1 in Stealth
 26356 | D:15     | Noticed Rupert
 26386 | D:15     | Killed Rupert
 26646 | D:15     | Found a portal to a secret trove of treasure.
 26888 | D:15     | Found a staircase to the Depths.
 27812 | D:15     | Found a hazy altar of Hepliaklqana.
 27856 | D:15     | Found a shadowy altar of Dithmenos.
 28071 | D:13     | Killed Kirke
 28071 | D:13     | Reached skill level 5 in Stealth
 28104 | Orc:1    | Entered Level 1 of the Orcish Mines
 28173 | Orc:2    | Entered Level 2 of the Orcish Mines
 28312 | Orc:2    | Found Acsubaf's Antique Armour Shop.
 28418 | Orc:2    | Found Lotuesoa's Jewellery Shoppe.
 28484 | Orc:2    | Found Vesma's General Store.
 28486 | Orc:2    | Found Ronnojyarr's Food Shop.
 28492 | Orc:2    | Bought a potion of experience for 700 gold pieces
 28494 | Orc:2    | Reached skill level 5 in Shields
 28494 | Orc:2    | Reached XP level 16. HP: 93/105 MP: 25/25
 28538 | Orc:2    | Found Sysez's Assorted Antiques.
 28542 | Orc:2    | Bought an orange potion for 27 gold pieces
 28633 | Orc:2    | Found a roughly hewn altar of Beogh.
 28895 | Orc:2    | Found a staircase to the Elven Halls.
 29115 | Orc:1    | Noticed Urug
 29147 | Orc:1    | Killed Urug
 29535 | Swamp:1  | Entered Level 1 of the Swamp
 31181 | Swamp:2  | Reached XP level 17. HP: 57/111 MP: 26/26
 31181 | Swamp:2  | Paralysed by a hornet for 1 turns
 31182 | Swamp:2  | Slain by a very large slime creature

Skill      XL: |  1  2  3  4  5  6  7  8  9 10 11 12 13 14 15 16 |
---------------+-------------------------------------------------+-----
Long Blades    | 3 4 5 6 7 8 10 11 12 13 14 | 14.0
Fighting       | 3 4 5 6 7 9 10 11 12 13 14 | 14.2
Armour         | 2 3 5 6 8 9 |  9.7
Dodging        | 3 6 7 9 11 | 11.9
Evocations     | 5 8 9 10 | 10.0
Shields        | 5 |  5.5
Stealth        | 6 |  6.3

Action                   |  1- 3 |  4- 6 |  7- 9 | 10-12 | 13-15 | 16-18 || total
-------------------------+-------+-------+-------+-------+-------+-------++-------
Melee: Falchion          |   125 |   191 |   632 |  1207 |  1978 |   366 ||  4499
       Scimitar          |       |       |       |       |    75 |    27 ||   102
       Unarmed           |       |       |       |       |    16 |       ||    16
Invok: Berserk           |     3 |     2 |     8 |    14 |    22 |     2 ||    51
       Trog's Hand       |       |     1 |     7 |     1 |     2 |       ||    11
       Brothers in Arms  |       |       |     1 |     8 |     8 |     1 ||    18
       Burn Spellbooks   |       |       |     1 |     1 |     1 |       ||     3
Evoke: Wand              |       |       |     3 |    26 |    32 |       ||    61
       Phial of floods   |       |       |       |     1 |     3 |       ||     4
  Use: Scroll            |     9 |     5 |     9 |    10 |    16 |     2 ||    51
       Potion            |       |       |     5 |     2 |     7 |       ||    14
 Stab: Paralysed         |       |       |       |     6 |     3 |       ||     9
       Petrified         |       |       |       |       |    11 |       ||    11
       Petrifying        |       |       |       |       |     2 |       ||     2
  Eat: Chunk             |     5 |     7 |    13 |    23 |   104 |    11 ||   163
       Ration            |       |       |     4 |     6 |     3 |       ||    13
Armor: Scale mail        |    54 |    22 |    75 |   442 |   630 |    83 ||  1306
       Plate armour      |       |   121 |   285 |       |       |       ||   406
       Skin              |       |       |    18 |       |       |       ||    18
Dodge: Dodged            |    65 |    64 |   192 |   612 |  1023 |   166 ||  2122
Block: Buckler           |       |       |       |       |    62 |    44 ||   106
       Rpst.: Falchion   |    22 |    20 |    63 |   141 |   230 |    46 ||   522
       Scimitar          |       |       |       |       |    12 |     2 ||    14
